 Dungeon Crawl Stone Soup version 0.19.1-1-g22dce08 (webtiles) character file.

53 ponk the Magician (level 3, -3/16 HPs)
             Began as a Spriggan Conjurer on Jan 8, 2017.
             Slain by Exporg's ghost (4 damage)
             ... on level 3 of the Dungeon.
             The game lasted 00:07:39 (1765 turns).

ponk the Magician (Spriggan Conjurer)               Turns: 1765, Time: 00:07:40

Health: -3/16      AC:  2    Str:  4    XL:     3   Next: 62%
Magic:  2/9        EV: 18    Int: 17    God:
Gold:   203        SH:  0    Dex: 16    Spells: 1 memorised, 8 levels left

rFire  . . .     SeeInvis +     g - +3 spear (freeze)
rCold  . . .     Gourm    .     a - +0 robe
rNeg   . . .     Faith    .     (shield restricted)
rPois  .         Spirit   .     (helmet restricted)
rElec  .         Reflect  .     (no cloak)
rCorr  .         Harm     .     (gloves unavailable)
MR     .....                    (boots unavailable)
Stlth  ++........               (no amulet)
                                (no ring)
                                (no ring)

@: very quick
A: unfitting armour, see invisible, herbivore 3, speed 3, slow metabolism 2
a: no special abilities


You were on level 3 of the Dungeon.
You were not hungry.

You visited 1 branch of the dungeon, and saw 3 of its levels.

You collected 203 gold pieces.

Inventory:

Hand Weapons
 g - a +3 spear of freezing (weapon)
Missiles
 d - 5 exploding tomahawks (quivered)
Armour
 a - a +0 robe (worn)
Scrolls
 e - a scroll of fear
 n - a scroll of remove curse
Potions
 f - a potion of ambrosia {unknown}
 h - a potion of curing {unknown}
 i - a potion of agility {unknown}
 j - a potion of cancellation {unknown}
 l - a potion of heal wounds {unknown}
Books
 b - a book of Conjurations

   Spells                             Type                      Level
   a - Magic Dart                     Conjuration                  1
   b - Searing Ray                    Conjuration                  2
   c - Dazzling Spray                 Conjuration/Hexes            3
   d - Fulminant Prism                Conjuration/Hexes            4
   e - Iskenderun's Mystic Blast      Conjuration                  4
   f - Iskenderun's Battlesphere      Conjuration/Charms           5
Comestibles
 c - 2 bread rations
 k - a slice of pizza


   Skills:
 + Level 0.1 Fighting
 + Level 0.2 Polearms
 + Level 3.1 Dodging
 + Level 3.0 Stealth
 + Level 0.1 Unarmed Combat
 + Level 3.6 Spellcasting
 + Level 3.5 Conjurations


You had 8 spell levels left.
You knew the following spells:

 Your Spells              Type           Power        Failure   Level  Hunger
a - Magic Dart            Conj           ###.         4%          1    None


Dungeon Overview and Level Annotations

Branches:
Dungeon (3/15)

Altars:
Gozag

Annotations:
D:3 Exporg's ghost, amateur MiFi


Innate Abilities, Weirdness & Mutations

You are very small and have problems with some larger weapons.
You are too small for most types of armour.
You have supernaturally acute eyesight. (SInv)
You are a herbivore.
You cover ground extremely quickly.
You need consume almost no food.


Message History

Exporg's ghost is moderately damaged.
Exporg's ghost hits you.
You hit Exporg's ghost but do no damage.
Exporg's ghost is moderately damaged.
Exporg's ghost misses you.
You hit Exporg's ghost but do no damage.
Exporg's ghost is moderately damaged.
Exporg's ghost hits you but does no damage.
You hit Exporg's ghost. You freeze Exporg's ghost.
Exporg's ghost is moderately damaged.
Exporg's ghost completely misses you.
You hit Exporg's ghost. You freeze Exporg's ghost.
Exporg's ghost is heavily damaged.
Exporg's ghost hits you!
Ouch! That really hurt!
* * * LOW HITPOINT WARNING * * *
You hit Exporg's ghost but do no damage.
Exporg's ghost is heavily damaged.
Exporg's ghost hits you.
You die...

#.# ..
#######.#####...
...............
#######.#####..
#.# #†#
####.####
#...W...#
#...@.).#
#.............
##........####
#..........
######.##### .#
##


You could see Exporg's ghost.

Vanquished Creatures
  An adder (D:2)
  An ooze (D:2)
  2 worms (D:2)
  2 leopard geckos (D:1)
  A giant cockroach (D:2)
  4 goblins
  2 hobgoblins
  2 quokkas (D:2)
  A ball python (D:1)
  6 bats
  A frilled lizard (D:2)
  7 kobolds
  5 rats
  A fungus (D:1)
36 creatures vanquished.

Notes
Turn   | Place    | Note
-------+----------+-------------------------------------------
     0 | D:1      | ponk the Spriggan Conjurer began the quest for the Orb.
     0 | D:1      | Reached XP level 1. HP: 9/9 MP: 5/5
   529 | D:1      | Reached XP level 2. HP: 13/13 MP: 0/6
  1144 | D:2      | Reached XP level 3. HP: 16/16 MP: 2/8
  1688 | D:3      | Found an opulent altar of Gozag.
  1733 | D:3      | Noticed Exporg's ghost (amateur MiFi)
  1765 | D:3      | Slain by Exporg's ghost

Skill      XL: |  1  2 |
---------------+-------+-----
Conjurations   | 3 |  3.5
Spellcasting   | 3 |  3.6
Fighting       | |  0.1
Polearms       | |  0.2
Dodging        | |  3.1
Stealth        | |  3.0
Unarmed Combat | |  0.1

Action                   || total
-------------------------++-------
Melee: Unarmed           ||    18
       Spear             ||    49
Throw: Tomahawk          ||     2
 Cast: Magic Dart        ||    83
  Use: Scroll            ||     5
Armor: Robe              ||     3
Dodge: Dodged            ||    41
